Map: 2000 Atmospheres LE

Players

SnowFlower

  • Race: Terran Terran
  • League: Diamond

FoxZero - Winner!

  • Race: Zerg Zerg
  • League: Diamond

VOD

Have the link to the VOD?

Description

Time

  • Played on: Jan. 21, 2022, 9:46 p.m.
  • Length: 24:55
Show
View Real Time Build Order
Export as new Build Order

SnowFlower Terran 

Build Orders: Reaper Expand 

Get SALT Encoding   

  12  0:00  SCV  
  13  0:13  SCV  
  14  0:17  Supply Depot  
  14  0:25  SCV  
  15  0:38  SCV  
  15  0:40  Barracks  
  16  0:44  Refinery  
  16  0:51  SCV  
  17  1:03  SCV  
  18  1:15  SCV  
  18  1:28  Reaper, Orbital Command  
  19  1:44  Command Center  
  19  1:55  SCV  
  19  1:57  Supply Depot  
  20  2:04  Marine  
  21  2:09  SCV  
  21  2:13  Factory  
  22  2:19  Refinery  
  22  2:23  SCV  
  23  2:36  SCV  
  24  2:39  Barracks Reactor  
  24  2:48  SCV  
  25  3:01  Orbital Command  
  25  3:02  SCV  
  26  3:14  SCV  
  27  3:24  Starport  
  27  3:26  SCV  
  29  3:27  Hellion x2  
  29  3:28  SCV  
  29  3:31  Barracks Tech Lab  
  32  3:39  SCV  
  33  3:45  SCV  
  33  3:46  Supply Depot  
  36  3:48  Hellion  
  36  3:50  Hellion  
  36  3:51  SCV  
  39  3:57  SCV, Marine  
  39  4:02  Viking  
  43  4:03  Stimpack  
  43  4:04  SCV  
  43  4:09  SCV  
  45  4:11  Supply Depot  
  45  4:14  Supply Depot  
  45  4:17  Hellion x2  
  45  4:19  SCV  
  45  4:21  SCV  
  51  4:27  Supply Depot  
  51  4:30  Marine  
  52  4:36  Liberator, SCV  
  52  4:37  SCV  
  57  4:41  Hellion x2  
  61  4:51  Command Center  
  61  4:53  SCV x2  
  61  4:58  Marine  
  64  5:07  SCV x2  
  66  5:10  Engineering Bay  
  66  5:11  Engineering Bay  
  66  5:16  Barracks  
  66  5:18  Supply Depot  
  66  5:20  SCV, Factory Reactor, Barracks  
  67  5:21  SCV  
  67  5:25  Marine  
  69  5:39  SCV  
  69  5:40  SCV  
  71  5:44  Marine  
  71  5:45  Combat Shield, Starport Reactor  
  72  5:51  SCV  
  72  5:52  SCV, Terran Infantry Weapons Level 1, Terran Infantry Armor Level 1  
  71  6:06  Marine x2  
  71  6:07  Marine  
  74  6:16  Factory Tech Lab  
  74  6:17  SCV x2, Orbital Command  
  76  6:19  Marine x2  
  76  6:24  Marine x2  
  72  6:27  Marine  
  72  6:28  Medivac x2  
  72  6:29  SCV  
  72  6:30  SCV  
  71  6:33  Supply Depot x2  
  71  6:37  Marine x2  
  71  6:38  Siege Tank  
  76  6:42  Marine x2  
  76  6:44  SCV x3, Barracks  
  76  6:45  Refinery, Barracks, Marine  
  76  6:46  Refinery  
  82  6:51  Supply Depot  
  82  6:52  Supply Depot  
  82  6:53  Supply Depot  
  82  6:54  Marine  
  82  6:55  Marine  
  82  6:56  SCV x2  
  82  7:01  Marine x2  
  88  7:03  Orbital Command, Marine  
  89  7:12  Marine x2  
  91  7:18  Marine  
  91  7:19  Marine  
  91  7:21  Marine  
  94  7:23  SCV x2  
  96  7:30  Marine x2  
  96  7:35  SCV x2, Siege Tank  
  96  7:36  Barracks Reactor x2, Marine x2  
  105  7:37  Medivac x2  
  105  7:38  SCV  
  105  7:39  Marine  
  111  7:46  Supply Depot  
  111  7:47  SCV x2  
  111  7:48  Marine x2  
  111  7:51  SCV, Concussive Shells  
  116  7:54  Marine x2  
  116  7:56  Supply Depot  
  116  7:57  Marine  
  119  7:59  SCV  
  116  8:06  Marine x2  
  116  8:08  Siege Tank  
  116  8:12  Marine x2  
  117  8:14  SCV x3, Marine  
  117  8:15  Marine x4  
  125  8:24  Marine x2  
  125  8:26  SCV  
  128  8:30  Marine x2  
  128  8:32  Marine  
  128  8:33  Marine x2  
  128  8:34  SCV x2  
  135  8:39  Supply Depot  
  135  8:41  Command Center  
  135  8:44  Armory  
  135  8:56  Marine x8  
  135  8:57  Marine  
  135  8:58  Siege Tank  
  135  9:01  Supply Depot  
  147  9:14  Marine x9  
  133  9:32  Marine  
  133  9:33  Marine x8  
  133  9:50  Marine x5  
  133  9:51  Marine x4  
  117  9:56  Terran Infantry Weapons Level 2, Terran Infantry Armor Level 2  
  117  9:57  Refinery  
  117  9:58  Refinery  
  117  10:01  Ghost Academy  
  117  10:02  Ghost Academy  
  117  10:08  Marine x9  
  126  10:14  Command Center  
  126  10:15  SCV x2  
  126  10:16  SCV  
  126  10:20  Siege Tank  
  132  10:23  Medivac x2  
  132  10:26  Marine x3  
  139  10:32  Marine x3  
  139  10:33  Marine x3  
  145  10:38  Barracks  
  145  10:41  Barracks  
  145  10:44  Marine x3  
  148  10:50  Marine x6  
  148  10:53  Medivac  
  148  10:56  Siege Tank  
  159  11:01  Medivac, Marine  
  159  11:02  Marine x2  
  164  11:08  Marine x2  
  166  11:13  Marine  
  166  11:14  Marine x3  
  170  11:19  Marine x3  
  170  11:21  Barracks  
  170  11:23  Medivac  
  164  11:26  Barracks Tech Lab, Marine x2  
  164  11:31  Medivac, Marine  
  167  11:37  Siege Tank  
  157  12:09  Siege Tank  
  150  12:18  Marine x5  
  150  12:19  Barracks Tech Lab, Marine x3  
  150  12:20  Marauder  
  141  12:25  Marauder  
  141  12:28  Liberator x2  
  147  12:32  Planetary Fortress  
  147  12:36  Terran Infantry Weapons Level 3, Terran Infantry Armor Level 3, Marine  
  148  12:41  Siege Tank, Marauder  
  148  12:42  Barracks Tech Lab  
  148  12:43  Orbital Command  
  153  12:47  Marauder  
  153  12:49  Factory  
  155  12:53  Ghost  
  157  13:02  Ghost  
  146  13:07  Ghost  
  146  13:08  Marauder  
  146  13:10  Liberator  
  153  13:21  Ghost, Siege Tank  
  156  13:46  Ghost x3  
  156  13:48  SCV x4  
  165  13:51  Command Center  
  165  13:55  Missile Turret  
  166  13:57  Missile Turret x2  
  166  14:06  Command Center  
  165  14:12  Ghost  
  165  14:14  Ghost  
  169  14:18  Refinery  
  169  14:19  Refinery  
  169  14:24  Ghost x2  
  159  14:46  Ghost x2  
  159  14:47  Marine x4  
  159  14:48  Marine x4  
  159  14:51  Orbital Command  
  171  14:53  Marine x2  
  172  15:02  Command Center  
  172  15:05  SCV, Marine x3  
  172  15:06  SCV x3  
  179  15:14  Supply Depot  
  179  15:15  Supply Depot  
  179  15:16  Supply Depot  
  179  15:27  Orbital Command  
  179  15:29  Factory Tech Lab  
  179  15:36  Ghost  
  179  15:37  Marine  
  182  15:44  SCV x4  
  186  15:52  Liberator  
  189  16:00  Personal Cloaking, Enhanced Shockwaves  
  189  16:04  Fusion Core  
  189  16:09  Siege Tank x2  
  189  16:26  Orbital Command  
  174  16:56  Siege Tank x2  
  180  17:19  Marauder  
  182  17:25  Command Center  
  182  17:28  Siege Tank, Command Center, Barracks  
  185  17:30  Barracks  
  185  17:33  Orbital Command  
  185  17:40  Marauder  
  187  17:51  Missile Turret  
  187  17:53  Missile Turret  
  187  17:59  Hi-Sec Auto Tracking, Advanced Ballistics, Neosteel Armor  
  187  18:02  Marauder  
  170  18:32  Orbital Command  
  170  18:33  Siege Tank x2  
  176  18:50  Barracks Tech Lab  
  176  18:51  Command Center x2  
  176  18:53  Barracks Tech Lab  
  176  19:04  Command Center  
  176  19:05  Siege Tank  
  119  20:02  Marauder, Marine x8  
  125  20:19  Orbital Command  
  125  20:20  Marine x8  
  133  20:22  Planetary Fortress  
  133  20:24  Marauder, Missile Turret  
  133  20:28  Barracks, Missile Turret  
  135  20:32  Missile Turret  
  135  20:37  Marine x4  
  139  20:45  Marauder  
  118  20:59  Marine  
  118  21:00  Marine x7  
  114  21:07  Marauder  
  116  21:17  Marine x6  
  122  21:22  Orbital Command  
  122  21:28  SCV x2, Marauder  
  122  21:29  SCV x4  
  130  21:36  Siege Tank  
  133  21:40  SCV x2  
  135  21:48  Ghost  
  135  21:50  Barracks Tech Lab  
  135  21:52  SCV x2, Missile Turret  
  135  21:53  SCV x2  
  141  21:54  Refinery  
  141  21:57  Refinery  
  141  22:17  Ghost  
  143  22:23  Ghost  
  145  22:35  Command Center  
  145  22:52  Liberator, Ghost  
  145  22:56  Liberator  
  119  23:25  Ghost x2  
  119  23:26  Marine x8  
  126  23:33  SCV x3  
  129  23:44  Marine x8  
  137  23:54  Ghost, Marine  
  140  24:01  Marine  
Show
View Real Time Build Order
Export as new Build Order

FoxZero Zerg - Winner!

Build Orders: Hatch First, Lurkers 

Get SALT Encoding   

  12  0:00  Drone  
  13  0:12  Overlord  
  13  0:16  Drone  
  14  0:31  Drone x2  
  14  0:34  Drone  
  17  0:54  Hatchery  
  16  1:06  Spawning Pool  
  16  1:08  Extractor  
  16  1:10  Drone  
  15  1:16  Drone  
  16  1:23  Overlord  
  16  1:36  Drone x2  
  18  1:54  Zergling x2, Queen  
  21  2:05  Queen  
  21  2:06  Zergling x4  
  25  2:16  Metabolic Boost  
  25  2:20  Drone x2  
  27  2:26  Drone  
  27  2:34  Drone  
  28  2:38  Queen  
  28  2:43  Drone x2  
  31  2:49  Zergling x2  
  32  2:52  Drone  
  33  3:01  Drone x2  
  35  3:09  Zergling x2  
  35  3:13  Overlord  
  35  3:15  Hatchery  
  34  3:26  Drone x2  
  36  3:33  Drone x2  
  38  3:45  Drone  
  38  3:46  Drone x4  
  43  3:53  Overlord  
  43  3:57  Overlord  
  43  4:08  Overlord x2  
  43  4:11  Queen x2  
  43  4:15  Zergling x8  
  51  4:17  Drone x2  
  51  4:23  Drone  
  54  4:31  Zergling x2  
  54  4:32  Zergling x10  
  54  4:37  Spore Crawler  
  59  4:39  Spore Crawler  
  58  4:45  Zergling x4  
  58  4:46  Zergling x8  
  64  4:53  Spine Crawler  
  64  4:54  Drone x2  
  64  4:55  Spore Crawler  
  64  4:58  Drone x4  
  68  5:02  Overlord  
  68  5:04  Overlord  
  68  5:09  Baneling Nest  
  68  5:13  Drone x2  
  68  5:14  Drone  
  70  5:17  Queen x2  
  70  5:19  Queen  
  75  5:29  Zergling x2  
  75  5:30  Zergling x12  
  80  5:43  Overlord x3  
  80  5:47  Extractor  
  74  6:04  Drone x2  
  74  6:05  Drone x3  
  74  6:07  Zergling x10  
  84  6:11  Extractor  
  84  6:12  Extractor  
  84  6:14  Lair, Queen x2  
  86  6:25  Drone x7  
  81  6:26  Drone x2  
  82  6:44  Drone x6  
  88  6:49  Evolution Chamber x2  
  88  6:50  Zergling x4  
  88  6:51  Zergling x4  
  90  6:56  Overlord  
  90  7:00  Zergling x4  
  92  7:02  Hatchery  
  90  7:17  Centrifugal Hooks, Zerg Melee Weapons Level 1, Zerg Ground Armor Level 1  
  90  7:19  Zergling x2  
  90  7:20  Zergling x20  
  101  7:26  Drone x3  
  101  7:27  Spore Crawler  
  101  7:29  Spore Crawler, Zergling x2  
  102  7:41  Drone x3  
  102  7:44  Queen x3  
  105  7:47  Extractor  
  105  7:48  Extractor  
  109  7:53  Drone x6  
  109  7:54  Drone x2  
  110  8:06  Drone x2  
  110  8:07  Drone x2  
  114  8:15  Hydralisk Den  
  114  8:17  Spore Crawler  
  114  8:18  Spine Crawler  
  114  8:19  Drone x5  
  117  8:20  Drone x2, Spine Crawler  
  117  8:21  Drone  
  117  8:22  Spine Crawler  
  117  8:29  Drone x2  
  117  8:30  Drone x4  
  123  8:39  Baneling x2  
  123  8:40  Baneling x16  
  123  8:41  Baneling x4  
  123  8:42  Zergling x4  
  124  8:49  Overlord x2  
  124  8:52  Overlord x3  
  117  9:11  Zergling x2  
  117  9:12  Zergling x24  
  125  9:35  Zergling x2  
  125  9:36  Hatchery, Zergling x18  
  118  9:54  Zergling x20  
  128  10:00  Lurker Den, Zerg Ground Armor Level 2  
  128  10:01  Zerg Melee Weapons Level 2, Infestation Pit  
  128  10:04  Drone x3  
  128  10:05  Overseer x2  
  129  10:08  Extractor  
  129  10:09  Extractor, Spore Crawler  
  129  10:10  Spine Crawler  
  125  10:14  Zergling x2  
  125  10:15  Zergling x12  
  132  10:24  Muscular Augments, Hydralisk  
  132  10:25  Hydralisk x3  
  140  10:28  Baneling x4  
  140  10:29  Baneling x5  
  140  10:33  Hydralisk x5  
  140  10:34  Hydralisk  
  152  10:36  Burrow  
  152  10:37  Pneumatized Carapace  
  152  10:43  Zergling x10  
  152  10:45  Hive  
  152  10:48  Hydralisk x3  
  163  10:53  Overlord x3  
  162  11:01  Hydralisk  
  162  11:03  Overlord x4  
  164  11:14  Overseer  
  164  11:20  Lurker  
  164  11:21  Lurker x8  
  169  11:28  Zergling x18  
  169  11:29  Zergling x24  
  163  11:35  Hydralisk  
  163  11:36  Hydralisk  
  157  11:41  Zergling x2  
  157  11:42  Zergling x6  
  161  11:48  Baneling x5  
  161  11:49  Baneling x6  
  161  11:50  Zergling x6  
  161  11:51  Zergling x4  
  166  11:54  Hydralisk x3  
  166  11:55  Hydralisk x3  
  166  12:11  Zergling x20  
  166  12:12  Zergling x2  
  133  12:25  Zergling x2  
  133  12:26  Zergling x26  
  147  12:32  Hydralisk x4  
  147  12:37  Zerg Melee Weapons Level 3  
  155  12:39  Evolution Chamber, Adrenal Glands  
  148  13:00  Hydralisk x2  
  148  13:01  Hydralisk x4  
  151  13:11  Hatchery  
  150  13:18  Seismic Spines  
  148  13:27  Hydralisk x3  
  148  13:28  Hydralisk x4  
  148  13:29  Viper x3  
  171  13:37  Drone x6  
  177  13:52  Lurker  
  177  13:53  Lurker x5  
  183  14:07  Hydralisk x5  
  183  14:08  Hydralisk x2  
  194  14:15  Adaptive Talons  
  194  14:24  Baneling x4  
  194  14:37  Zergling x10  
  194  14:38  Zergling x2  
  195  14:51  Drone  
  195  14:52  Drone x2, Ultralisk Cavern  
  197  14:54  Viper  
  197  15:14  Grooved Spines  
  197  15:16  Zerg Missile Weapons Level 1  
  197  15:17  Zerg Ground Armor Level 3  
  197  15:20  Hatchery  
  193  15:43  Chitinous Plating  
  193  15:45  Ultralisk  
  199  15:57  Overseer x3  
  199  15:58  Overseer  
  189  16:45  Ultralisk x3  
  197  16:48  Zergling x6  
  194  17:02  Anabolic Synthesis  
  194  17:32  Lurker  
  194  17:33  Lurker x4  
  194  17:35  Baneling x5  
  194  17:36  Baneling x8  
  198  17:48  Drone  
  178  18:31  Zergling x8  
  178  18:32  Zergling x34  
  199  18:34  Ultralisk  
  199  18:40  Lurker x4  
  200  18:42  Zerg Missile Weapons Level 2  
  200  19:13  Hatchery  
  173  19:33  Ultralisk x4  
  173  19:36  Zergling x6  
  172  20:02  Hydralisk  
  172  20:03  Hydralisk  
  156  20:07  Hydralisk x5  
  156  20:08  Hydralisk x4  
  156  20:11  Zergling x4  
  156  20:12  Zergling x28  
  156  20:13  Overlord x3  
  181  20:21  Extractor  
  181  20:22  Extractor  
  181  20:26  Spine Crawler, Baneling  
  181  20:28  Spore Crawler  
  177  20:29  Lurker, Spine Crawler  
  177  20:31  Baneling x3  
  177  20:32  Baneling x7  
  177  20:34  Lurker x2  
  177  20:35  Lurker  
  178  20:48  Ultralisk x3  
  171  20:58  Hydralisk x2  
  171  20:59  Hydralisk x11  
  171  21:02  Zergling x8  
  198  21:24  Drone x2  
  200  21:28  Spine Crawler  
  199  21:51  Hatchery  
  198  22:15  Viper x2  
  200  22:24  Spore Crawler  
  200  22:27  Spine Crawler  
  198  22:47  Extractor  
  198  22:49  Extractor  
  164  23:16  Hydralisk x6  
  164  23:17  Hydralisk  
  136  23:28  Ultralisk x4  
  136  23:30  Zergling x2  
  136  23:31  Zergling x50  
  136  23:32  Zergling x12  
  178  23:39  Lurker x2  
  178  23:40  Baneling x3  
  178  23:41  Baneling x3  
  180  23:53  Hydralisk x5  
  180  23:55  Viper  
  184  24:12  Hydralisk x5  
  194  24:17  Zergling x2  
  194  24:18  Zergling x10  
  198  24:27  Hydralisk x5  
  171  24:46  Lurker x2  
Tags
 
Add a new tag
Caveats
  • Supply blocks, unpowered buildings, or Contaminate may cause inaccurate times.
  • Supply counts are checked every 10 seconds.